 Dungeon Crawl Stone Soup version 0.25-a0-949-gdd2af9e06e (webtiles) character file.

Game seed: 3476455651865832413, levelgen mode: deterministic

23566 Flugslaktarn the Demolition Dwarf (level 12, -1/110 HPs)
             Began as a Deep Dwarf Fighter on May 8, 2020.
             Was an Elder of Makhleb.
             Slain by a slime creature (13 damage)
             ... on level 12 of the Dungeon.
             The game lasted 00:06:56 (9127 turns).

Flugslaktarn the Demolition Dwarf (DDFi)            Turns: 9127, Time: 00:06:57

Health: -1/110     AC: 20    Str: 30    XL:     12   Next: 73%
Magic:  7/7        EV:  8    Int:  8    God:    Makhleb [****..]
Gold:   186        SH: 12    Dex:  7    Spells: 11/11 levels left

rFire    . . .     SeeInvis +   k - +0 broad axe "Lorem Ipsum" {protect, rPois Str+2 Dex-5}
rCold    . . .     Gourm    .   c - +0 kite shield
rNeg     . . .     Faith    .   u - +0 chain mail
rPois    +         Spirit   .   (no helmet)
rElec    .         Reflect  .   (no cloak)
rCorr    .         Harm     .   (no gloves)
MR       +....                  C - +1 pair of boots
Stlth    ..........             (no amulet)
HPRegen  0.00/turn              i - ring of see invisible
MPRegen  0.10/turn              v - +4 ring of strength

@: protection aura, non-regenerating
A: damage resistance, heal wounds, sense surroundings 2, weak 1, wild magic 1,
MP-powered wands, sturdy frame 1, no regeneration
a: Heal Wounds, Minor Destruction, Lesser Servant of Makhleb, Major Destruction,
Renounce Religion


You were on level 12 of the Dungeon.
You worshipped Makhleb.
Makhleb was greatly pleased with you.
You were not hungry.

You visited 2 branches of the dungeon, and saw 13 of its levels.
You also visited: Sewer.

You collected 654 gold pieces.
You spent 468 gold pieces at shops.

Inventory:

Hand Weapons
 a - a +0 war axe
 k - the +0 broad axe "Lorem Ipsum" (weapon) {protect, rPois Str+2 Dex-5}
   (You found it on level 5 of the Dungeon)

   It grants its wielder temporary protection when it strikes (+7 to AC).
   It affects your strength (+2).
   It affects your dexterity (-5).
   It protects you from poison.
 m - a cursed -1 hand axe
   (You found it on level 4 of the Dungeon)
Missiles
 B - 2 throwing nets (quivered)
 H - 62 arrows
Armour
 c - a +0 kite shield (worn)
 u - a +0 chain mail (worn)
   (You found it on level 4 of the Dungeon)
 C - a +1 pair of boots (worn)
   (You found it on level 3 of the Dungeon)
Jewellery
 i - a ring of see invisible (left hand)
   (You found it on level 1 of the Dungeon)
 o - a +3 ring of protection {unknown}
   (You found it on level 7 of the Dungeon)
 v - a +4 ring of strength (right hand)
   (You found it on level 6 of the Dungeon)
 E - the ring of Urruzeott {*Corrode rN++ MR+++ Int+4}
   (You took it off a vampire on level 12 of the Dungeon)

   [ring of intelligence]

   It affects your intelligence (+4).
   It greatly protects you from negative energy.
   It affects your resistance to hostile enchantments.
   It may corrode you when you take damage.
 F - an uncursed amulet of the gourmand {unknown}
   (You found it on level 9 of the Dungeon)
 I - an uncursed ring of flight {unknown}
   (You found it on level 12 of the Dungeon)
Wands
 D - a wand of acid (8)
   (You found it on level 3 of the Dungeon)
Scrolls
 b - 2 scrolls of fog
 d - a scroll of immolation {unknown}
 n - 4 scrolls of fear
 p - a scroll of magic mapping
 r - 3 scrolls of identify
 t - 5 scrolls of teleportation
 x - 6 scrolls of remove curse
Potions
 g - a potion of mutation
 h - 2 potions of haste
 j - 2 potions of lignification
 l - 2 potions of brilliance
 q - 2 potions of curing
 s - a potion of cancellation
 w - 6 potions of heal wounds
 y - a potion of magic {unknown}
 A - a potion of invisibility {unknown}
 G - a potion of ambrosia {unknown}
 J - a potion of resistance {unknown}
Comestibles
 e - 13 rations
 f - 6 chunks of flesh


   Skills:
 + Level 8.0 Fighting
 * Level 12.3 Axes
 + Level 9.5 Armour
 + Level 9.4 Shields
 - Level 15.0 Invocations


You had 11 spell levels left.
You didn't know any spells.
Your spell library was empty.

Dungeon Overview and Level Annotations

Branches:
Dungeon (12/15)            Temple (1/1) D:4            Lair (0/6) D:9
    Orc (0/2) D:11          Sewer (visited)

Altars:
Ashenzari
Cheibriados
Dithmenos
Elyvilon
Fedhas
Gozag
Hepliaklqana
Kikubaaqudgha
Makhleb
Nemelex Xobeh
Okawaru
Qazlal
Ru
Sif Muna
Trog
Uskayaw
Vehumet
Wu Jian
Xom
Yredelemnul
Zin
The Shining One

Shops:
D:10 (   D:11 !

Portals:
Trove: D:10 (give 6 scrolls of blinking)

Annotations:
D:10 2 transporters, MisterFreud's ghost, journeyman MiAK


Innate Abilities, Weirdness & Mutations

You are resistant to damage.
You can heal yourself by infusing magical energy.
You passively map the area around you.
You do not regenerate.
You are weak. (Str -2)
Your spells are a little harder to cast, but a little more powerful.
You expend magic power (3 MP) to strengthen your wands.
Your movements are slightly less encumbered by armour. (ER -2)


Message History

Two slime creatures merge to form a very large slime creature.
Two slime creatures merge to form an enormous slime creature.
The bullfrog hits you but does no damage.
You hit the slime creature.
The slime creature is almost dead.
You barely miss the slime creature. You closely miss the bullfrog.
You slash the enormous slime creature!
You block the slime creature's attack. x2
The bullfrog hits you but does no damage.
The enormous slime creature hits you!!!
* * * LOW HITPOINT WARNING * * *
You are too injured to fight recklessly!
You are too injured to fight recklessly!
You are too injured to fight recklessly!
You are too injured to fight recklessly!
You are too injured to fight recklessly!
You are too injured to fight recklessly!
Unknown command.
The bullfrog hits you.
An enormous slime creature splits.
The bullfrog barely misses you. The slime creature hits you!
You die...

**## *#####################
*, .. ....................
* ###. #..#..#..##.........
.....#..#..#.............
*,.......J#......#########.
......JJ@.....#....##...#
,#....#JFJ.###.#.##.#.##.#
..........#,#.###.##.#.##
........#.# #..#..#.##.##
#.>..#....#,#..##.#.#.### *
..........# #...#..##.###
..#####.#.# #.#.##.#.###.
#. #.#.# #....###.##.. , ,
* * *#.##..#


You could see 2 large slime creatures, 2 slime creatures, a bullfrog and a
jelly.

Vanquished Creatures
  Snorg (D:11)
  Erolcha (D:10)
  A vault guard (D:10)
  2 hydras (D:12)
  Harold (D:7)
  2 centaur warriors (D:12)
  6 two-headed ogres
  3 unseen horrors
  A manticore (D:11)
  2 ugly things (D:12)
  2 cyclopes (D:12)
  Joseph (D:8)
  2 gargoyles
  A tengu conjurer (D:9)
  A slime creature (D:12)
  A hornet (D:9)
  Grinder (D:6)
  2 hippogriffs (D:10)
  A vampire (D:12)
  2 wraiths
  A wyvern (D:9)
  10 yaks
  Eustachio (D:5)
  A hungry ghost (D:9)
  Menkaure (D:7)
  Duvessa (D:5)
  6 orc warriors
  3 ice beasts
  2 phantoms
  4 necrophages
  A black bear (D:12)
  2 sky beasts
  5 ogres
  6 centaurs
  4 big kobolds
  10 bullfrogs
  Dowan (D:5)
  3 scorpions
  6 killer bees (D:8)
  5 howler monkeys
  2 electric eels (D:7)
  2 crimson imps (D:7)
  A centaur zombie (D:5)
  A quasit (D:9)
  4 hounds
  2 bullfrog zombies (D:8)
  2 centaur skeletons
  6 orc priests
  4 jellies
  14 orc wizards
  3 iguanas
  4 worker ants
  20 adders
  6 gnolls
  3 shadow imps
  3 oozes
  An adder skeleton (D:10)
  4 dart slugs
  3 leopard geckos
  57 orcs
  4 giant cockroaches
  7 goblins
  7 hobgoblins
  14 jackals
  29 kobolds
  4 quokkas
  2 ball pythons
  3 bats
  A frilled lizard (D:2)
  A jackal skeleton (D:5)
  12 rats
333 creatures vanquished.

Notes
Turn   | Place    | Note
-------+----------+-------------------------------------------
     0 | D:1      | Flugslaktarn the Deep Dwarf Fighter began the quest for the
                  | Orb.
     0 | D:1      | Reached XP level 1. HP: 20/20 MP: 1/1
   150 | D:1      | Reached XP level 2. HP: 27/27 MP: 2/2
   419 | D:2      | Reached XP level 3. HP: 28/33 MP: 3/3
   457 | D:3      | Found a glowing drain.
   471 | Sewer    | Entered a sewer
   679 | Sewer    | Reached XP level 4. HP: 38/42 MP: 4/4
   914 | D:4      | Found a white marble altar of Elyvilon.
  1070 | D:4      | Reached XP level 5. HP: 41/49 MP: 5/5
  1166 | D:4      | Noticed a phantom
  1168 | D:4      | Noticed an ogre
  1184 | D:4      | Killed an ogre
  1214 | D:4      | Killed a phantom
  1214 | D:4      | Reached XP level 6. HP: 36/57 MP: 4/4
  1289 | D:4      | Found a staircase to the Ecumenical Temple.
  1311 | D:4      | Reached skill level 5 in Axes
  1329 | Temple   | Entered the Ecumenical Temple
  1744 | D:4      | Found a snail-covered altar of Cheibriados.
  1958 | D:5      | Entered Level 5 of the Dungeon
  1985 | D:5      | Reached XP level 7. HP: 58/64 MP: 4/4
  2006 | D:5      | Noticed Eustachio
  2022 | D:5      | Killed Eustachio
  2022 | D:5      | Reached skill level 5 in Armour
  2022 | D:5      | Reached skill level 5 in Shields
  2025 | D:5      | Noticed Duvessa
  2026 | D:5      | Noticed Dowan
  2045 | D:5      | Killed Duvessa
  2055 | D:5      | Killed Dowan
  2101 | D:5      | Found a basalt altar of Yredelemnul.
  2207 | D:5      | Got a jewelled broad axe
  2208 | D:5      | Identified the +0 broad axe "Lorem Ipsum" {protect, rPois
                  | Str+2 Dex-5} (You found it on level 5 of the Dungeon)
  2325 | D:5      | Reached XP level 8. HP: 59/73 MP: 4/4
  2912 | D:6      | Noticed Grinder
  2925 | D:6      | Paralysed by Grinder for 6 turns
  2937 | D:6      | Killed Grinder
  2937 | D:6      | Reached skill level 5 in Fighting
  3253 | D:7      | Found a sacrificial altar of Ru.
  3339 | D:7      | Noticed Harold
  3373 | D:7      | Killed Harold
  3373 | D:7      | Gained mutation: You passively map the area around you.
                  | [Deep Dwarf growth]
  3373 | D:7      | Reached XP level 9. HP: 50/82 MP: 4/4
  3515 | D:7      | Noticed Menkaure
  3519 | D:7      | Killed Menkaure
  3526 | D:7      | Gained mutation: Your magical capacity is low. (-10% MP)
                  | [potion of mutation]
  3526 | D:7      | Gained mutation: You expend magic power (3 MP) to
                  | strengthen your wands. [potion of mutation]
  3526 | D:7      | Gained mutation: You are robust. (+10% HP) [potion of
                  | mutation]
  3526 | D:7      | Gained mutation: Your spells are a little harder to cast,
                  | but a little more powerful. [potion of mutation]
  3831 | D:7      | Found a glowing silver altar of Zin.
  3831 | D:7      | Found a sparkling altar of Nemelex Xobeh.
  4120 | D:8      | Noticed Joseph
  4137 | D:8      | Killed Joseph
  4137 | D:8      | Reached skill level 10 in Axes
  4794 | D:2      | Found a burning altar of Makhleb.
  4794 | D:2      | Found a shimmering altar of Xom.
  4830 | D:2      | Noticed a +0 dagger
  4830 | D:2      | Noticed a +0 dagger
  4866 | D:2      | Became a worshipper of Makhleb the Destroyer
  4898 | D:2      | Found a hide-covered altar of Uskayaw.
  5466 | D:8      | Reached XP level 10. HP: 99/101 MP: 2/2
  5643 | D:8      | Reached skill level 1 in Invocations
  5779 | D:8      | Found an ancient bone altar of Kikubaaqudgha.
  5975 | D:9      | Found a staircase to the Lair.
  6017 | D:9      | Found a radiant altar of Vehumet.
  6057 | D:9      | Reached skill level 2 in Invocations
  6078 | D:9      | Noticed an unseen horror
  6114 | D:9      | Killed an unseen horror
  6114 | D:9      | Reached skill level 3 in Invocations
  6206 | D:9      | Noticed a two-headed ogre
  6280 | D:9      | Killed a two-headed ogre
  6358 | D:9      | Reached * piety under Makhleb
  6461 | D:9      | Reached skill level 4 in Invocations
  6588 | D:9      | Reached skill level 5 in Invocations
  6803 | D:10     | Entered Level 10 of the Dungeon
  6807 | D:10     | Noticed a gargoyle
  6812 | D:10     | Reached skill level 6 in Invocations
  6821 | D:10     | Killed a gargoyle
  6821 | D:10     | Reached skill level 7 in Invocations
  6821 | D:10     | Reached XP level 11. HP: 33/110 MP: 2/2
  6834 | D:9      | Reached skill level 8 in Invocations
  6912 | D:10     | Noticed Erolcha
  6922 | D:10     | Killed Erolcha
  6922 | D:10     | Reached skill level 9 in Invocations
  6965 | D:10     | Reached skill level 10 in Invocations
  7021 | D:10     | Reached ** piety under Makhleb
  7118 | D:10     | Noticed a two-headed ogre
  7131 | D:10     | Killed a two-headed ogre
  7131 | D:10     | Reached skill level 11 in Invocations
  7177 | D:10     | Noticed MisterFreud's ghost (journeyman MiAK)
  7186 | D:10     | Found a transporter.
  7190 | D:10     | Found a transporter.
  7235 | D:10     | Noticed a two-headed ogre
  7249 | D:10     | Killed a two-headed ogre
  7266 | D:10     | Noticed a vault guard
  7288 | D:10     | Killed a vault guard
  7288 | D:10     | Reached skill level 12 in Invocations
  7293 | D:10     | Found a portal to a secret trove of treasure.
  7307 | D:10     | Noticed a two-headed ogre
  7321 | D:10     | Killed a two-headed ogre
  7369 | D:10     | Found an ornate altar of the Wu Jian Council.
  7381 | D:10     | Reached skill level 13 in Invocations
  7620 | D:10     | Found Aku Umno's Weapon Emporium.
  7778 | D:11     | Found Duerha's Distillery.
  7787 | D:11     | Bought a potion of mutation for 104 gold pieces
  7787 | D:11     | Bought a potion of cancellation for 104 gold pieces
  7787 | D:11     | Bought 2 potions of haste for 260 gold pieces
  7973 | D:11     | Reached *** piety under Makhleb
  8060 | D:11     | Found a staircase to the Orcish Mines.
  8144 | D:11     | Noticed Snorg
  8169 | D:11     | Killed Snorg
  8169 | D:11     | Reached skill level 14 in Invocations
  8169 | D:11     | Reached XP level 12. HP: 44/119 MP: 4/4
  8518 | D:12     | Reached **** piety under Makhleb
  8540 | D:12     | Identified the ring of Urruzeott {*Corrode rN++ MR+++
                  | Int+4}
  8568 | D:12     | Noticed a two-headed ogre
  8582 | D:12     | Killed a two-headed ogre
  8582 | D:12     | Reached skill level 15 in Invocations
  8596 | D:12     | Noticed a two-headed ogre
  8596 | D:12     | Noticed a centaur warrior
  8597 | D:12     | Noticed a centaur warrior
  8599 | D:12     | Noticed an eight-headed hydra
  8612 | D:12     | Killed a centaur warrior
  8618 | D:12     | Killed a two-headed ogre
  8632 | D:12     | Killed an eight-headed hydra
  8653 | D:12     | Killed a centaur warrior
  8708 | D:12     | Noticed an eight-headed hydra
  8712 | D:12     | Killed an eight-headed hydra
  8713 | D:12     | Lost mutation: You are robust. (+10% HP) [potion of
                  | mutation]
  8713 | D:12     | Lost mutation: Your magical capacity is low. (-10% MP)
                  | [potion of mutation]
  8713 | D:12     | Gained mutation: You are weak. (Str -2) [potion of
                  | mutation]
  8713 | D:12     | Gained mutation: Your movements are slightly less
                  | encumbered by armour. (ER -2) [potion of mutation]
  9127 | D:12     | Slain by a slime creature

Levels and vault maps discovered:
D:1:      evilmike_arrival_crescent, layout_basic
D:2:      layout_basic, gammafunk_temple_overflow_wave, dancing_weapons_uskayaw,
          first_ration
D:3:      layout_loops_cross, portal_sewer_entry_a
D:4:      layout_basic, cheibriados_altar_1, elyvilon_altar_5, temple_statues,
          kennysheep_generic_room_8
D:5:      layout_loops_ring, kennysheep_mini, uniq_eustachio, uniq_duvessa
D:6:      layout_loops_ring, minmay_strange_pillars, uniq_grinder
D:7:      layout_loops_ring, lemuel_doored_altar,
          amethyst_overflow_temple_binary, minivault_14, uniq_menkaure,
          uniq_harold
D:8:      layout_loops_corners, kiku_gazebo_pond_becter, grunt_pizzeria,
          kennysheep_generic_room_10, uniq_joseph
D:9:      layout_irregular_city, vehumet_crystals, lair_entry_dummy,
          minivault_20
D:10:     layout_grid_maze, gammafunk_ghost_hive, basic_altar, enter_trove_5,
          serial_shops, nicolae_shop_waterfront, uniq_erolcha
D:11:     layout_rooms, hiddenorc2_lemuel, serial_shops, shop, uniq_snorg
D:12:     minmay_the_grid_triangle_9x9_rhombus_thin
          [minmay_the_grid_triangle_9x9_wacky_v,
          minmay_the_grid_triangle_9x9_prize_center,
          minmay_the_grid_triangle_9x9_longest,
          minmay_the_grid_triangle_9x9_semitri], layout_stronghold
Temple:   minmay_temple_curvy_loop

Skill      XL: |  1  2  3  4  5  6  7  8  9 10 11 12 |
---------------+-------------------------------------+-----
Axes           | 3 4 5 6 8 10 11 12 | 12.3
Fighting       | 3 4 5 6 7 8 |  8.0
Armour         | 4 5 6 7 8 9 |  9.5
Shields        | 4 5 6 7 8 9 |  9.4
Invocations    | 7 14 15 | 15.0

Action                   |  1- 3 |  4- 6 |  7- 9 | 10-12 || total
-------------------------+-------+-------+-------+-------++-------
Melee: War axe           |   130 |   149 |    56 |       ||   335
       Broad axe         |       |       |   380 |   734 ||  1114
 Abil: Heal Wounds       |     1 |     5 |    17 |    32 ||    55
Evoke: Wand              |       |       |       |     6 ||     6
  Use: Scroll            |       |    10 |     8 |     1 ||    19
       Potion            |       |       |     1 |     7 ||     8
  Eat: Chunk             |       |     4 |     9 |    15 ||    28
       Ration            |       |       |     1 |       ||     1
Armor: Scale mail        |    66 |    57 |       |       ||   123
       Chain mail        |       |     3 |   157 |   443 ||   603
Dodge: Dodged            |    42 |    45 |    74 |   254 ||   415
Block: Kite shield       |    86 |    83 |   242 |   555 ||   966

Table legend:
 A = Non-vault XP
 B = Vault XP
 C = Vault XP percentage of total XP
 D = Non-vault monster count
 E = Vault monster count
 F = Vault count percentage of total count
                 A         B        C        D         E       F
            +---------+---------+-------+---------+---------+-------
      Total |   17851 |   15816 |  47.0 |     259 |      74 |  22.2
            +---------+---------+-------+---------+---------+-------
        D:1 |      20 |       0 |   0.0 |      12 |       0 |   0.0
        D:2 |      53 |       0 |   0.0 |      18 |       0 |   0.0
        D:3 |     110 |       3 |   2.7 |      21 |       3 |  12.5
        D:4 |     530 |      40 |   7.0 |      18 |       1 |   5.3
        D:5 |     382 |     416 |  52.1 |      14 |       3 |  17.6
        D:6 |     459 |     267 |  36.8 |      18 |       1 |   5.3
        D:7 |    1028 |    1174 |  53.3 |      27 |       2 |   6.9
        D:8 |    1316 |     602 |  31.4 |      24 |       2 |   7.7
        D:9 |    2881 |    1075 |  27.2 |      22 |       2 |   8.3
       D:10 |    6459 |    2057 |  24.2 |      51 |       2 |   3.8
       D:11 |    1474 |    1818 |  55.2 |      19 |      33 |  63.5
       D:12 |    3139 |    8312 |  72.6 |      15 |      15 |  50.0
      Sewer |       0 |      52 | 100.0 |       0 |      10 | 100.0
            +---------+---------+-------+---------+---------+-------
